[ AOE2 MATCH · #478654524 ]
UnrankedBulgarians vs Sicilians
[ REPLAY ANALYSIS · EXTRACTED FROM THE RECORDED GAME ]
Feudal
9:52
Castle
21:42
Imperial
44:42
| APM avg | 68.7 |
| APM peak | 122 |
| eAPM avg | 48.5 |
| Villagers / military | 225 / 1312 |
Focus
⚔️ 35.1% · 🌾 64.9%
Scout Cavalry ×733 · Spearman ×268 · Militia ×239 · Knight ×64 · Trebuchet (Packed) ×4 · Mangonel ×2
Feudal
11:22
Castle
14:57
Imperial
34:28
| APM avg | 37.9 |
| APM peak | 91 |
| eAPM avg | 26.2 |
| Villagers / military | 408 / 656 |
Focus
⚔️ 40.1% · 🌾 59.9%
Skirmisher ×399 · Archer ×221 · Scout Cavalry ×31 · Trebuchet (Packed) ×3 · Longbowman ×2
Feudal
9:57
Castle
20:53
Imperial
35:48
| APM avg | 34.3 |
| APM peak | 74 |
| eAPM avg | 25.5 |
| Villagers / military | 353 / 1675 |
Focus
⚔️ 52.1% · 🌾 47.9%
Serjeant ×1021 · Scout Cavalry ×392 · Spearman ×142 · Trade Cart ×69 · Battering Ram ×63 · Knight ×52
Feudal
8:59
Castle
16:16
Imperial
35:46
| APM avg | 18.8 |
| APM peak | 78 |
| eAPM avg | 11.4 |
| Villagers / military | 153 / 216 |
Focus
⚔️ 38.4% · 🌾 61.6%
Militia ×180 · Monk ×15 · Battering Ram ×9 · Spearman ×8 · Trebuchet (Packed) ×4
Feudal
9:50
Castle
26:05
Imperial
39:57
| APM avg | 39.4 |
| APM peak | 90 |
| eAPM avg | 24.0 |
| Villagers / military | 246 / 1307 |
Focus
⚔️ 37.1% · 🌾 62.9%
Spearman ×1239 · Archer ×39 · Woad Raider ×20 · Militia ×5 · Scorpion ×3 · Mangonel ×1
Feudal
8:59
Castle
22:12
Imperial
35:56
| APM avg | 53.0 |
| APM peak | 109 |
| eAPM avg | 36.5 |
| Villagers / military | 227 / 1571 |
Focus
⚔️ 75.2% · 🌾 24.8%
Skirmisher ×489 · Cavalry Archer ×487 · Monaspa ×450 · Trade Cart ×122 · Scorpion ×54 · Battering Ram ×47
Feudal
11:22
Castle
15:01
Imperial
28:22
| APM avg | 62.6 |
| APM peak | 152 |
| eAPM avg | 43.0 |
| Villagers / military | 328 / 1494 |
Focus
⚔️ 61.4% · 🌾 38.6%
Mameluke ×1112 · Scout Cavalry ×328 · Trade Cart ×121 · Bombard Cannon ×18 · Trebuchet (Packed) ×14 · Battering Ram ×8
Feudal
10:06
Castle
20:46
Imperial
32:35
| APM avg | 46.5 |
| APM peak | 86 |
| eAPM avg | 22.5 |
| Villagers / military | 309 / 825 |
Focus
⚔️ 31.5% · 🌾 68.5%
Ratha (Ranged) ×505 · Scout Cavalry ×206 · Trade Cart ×86 · Skirmisher ×74 · Armored Elephant ×14 · Elephant Archer ×10
Match map
Initial resources + every placement click. Lines = walls · curves = elevation contours. ◆ gold · ⬟ stone · ● berries · ✦ relic · ◌ wall gap
Your base· ✓ Closed at 21:42 · 24t walls · 3 gate(s)
Benjaiper's base· Open — 1t gap
__35_Kingpin_Arg's base· ✓ Closed at 20:53 · 3t walls · 6 gate(s)
__127_Monchito008_Arg's base· Open — 12t gap
Meriart's base· ✓ Closed at 26:05 · 9t walls · 3 gate(s)
__72_KaN_Arg's base· Open — 5t gap
Manuel hormigaiper's base· Open — 7t gap
Fts_'s base· ✓ Closed at 20:46 · 14t walls · 3 gate(s)
Smoothed initial terrain · ◌ = detected wall gap · hover for details
Inputs per minute
— Nicoairlines - - Benjaiper
Build order — Nicoairlines
First 150 of 1922 actions detected
| 0:02 | Create | Villager (Male) |
| 0:03 | Create | Villager (Male) |
| 0:03 | Create | Villager (Male) |
| 0:04 | Build | House |
| 0:05 | Build | House |
| 0:08 | Create | Villager (Male) |
| 0:08 | Create | Villager (Male) |
| 1:32 | Create | Villager (Male) |
| 1:57 | Build | Lumber Camp |
| 2:01 | Create | Villager (Male) |
| 2:01 | Create | Villager (Male) |
| 2:36 | Create | Villager (Male) |
| 2:36 | Create | Villager (Male) |
| 2:37 | Create | Villager (Male) |
| 3:06 | Create | Villager (Male) |
| 3:06 | Create | Villager (Male) |
| 3:42 | Create | Villager (Male) |
| 3:43 | Create | Villager (Male) |
| 3:54 | Build | Mill |
| 4:01 | Create | Villager (Male) |
| 4:14 | Build | House |
| 4:20 | Create | Villager (Male) |
| 4:20 | Create | Villager (Male) |
| 4:28 | Create | Villager (Male) |
| 4:28 | Create | Villager (Male) |
| 4:49 | Build | House |
| 4:50 | Build | House |
| 5:32 | Create | Villager (Male) |
| 5:32 | Create | Villager (Male) |
| 5:34 | Create | Villager (Male) |
| 5:52 | Build | House |
| 6:28 | Create | Villager (Male) |
| 6:45 | Build | Mill |
| 7:17 | Research | Loom |
| 7:34 | Build | House |
| 7:36 | Build | Palisade Wall |
| 7:42 | Research | Feudal Age |
| 7:42 | Research | Feudal Age |
| 9:04 | Build | Barracks |
| 9:52 | Age | Feudal Age |
| 10:04 | Create | Villager (Male) |
| 10:06 | Research | Double-Bit Axe |
| 10:10 | Build | Stable |
| 10:20 | Create | Spearman |
| 10:42 | Build | Palisade Wall |
| 10:43 | Create | Villager (Male) |
| 10:53 | Create | Villager (Male) |
| 10:56 | Create | Scout Cavalry |
| 10:57 | Create | Scout Cavalry |
| 10:57 | Create | Scout Cavalry |
| 10:57 | Create | Scout Cavalry |
| 11:08 | Research | Horse Collar |
| 11:13 | Create | Villager (Male) |
| 11:13 | Create | Villager (Male) |
| 11:48 | Create | Villager (Male) |
| 11:59 | Create | Scout Cavalry |
| 12:22 | Create | Scout Cavalry |
| 12:24 | Build | House |
| 12:25 | Build | House |
| 12:26 | Build | Palisade Wall |
| 12:28 | Build | Farm |
| 12:28 | Build | Farm |
| 12:29 | Build | Farm |
| 12:29 | Build | Farm |
| 12:35 | Create | Scout Cavalry |
| 13:13 | Create | Villager (Male) |
| 13:14 | Create | Villager (Male) |
| 13:33 | Create | Spearman |
| 13:42 | Build | Farm |
| 13:42 | Build | Farm |
| 13:43 | Build | Farm |
| 13:43 | Build | Farm |
| 13:43 | Build | Farm |
| 13:45 | Build | Farm |
| 14:01 | Create | Villager (Male) |
| 14:29 | Create | Villager (Male) |
| 14:29 | Create | Villager (Male) |
| 14:36 | Create | Villager (Male) |
| 14:39 | Build | Farm |
| 14:42 | Build | Farm |
| 14:44 | Build | Mining Camp |
| 14:56 | Create | Villager (Male) |
| 15:45 | Create | Villager (Male) |
| 15:56 | Build | Market |
| 15:59 | Build | Blacksmith |
| 16:08 | Create | Villager (Male) |
| 16:13 | Build | Farm |
| 16:35 | Research | Wheelbarrow |
| 17:47 | Build | Farm |
| 18:00 | Create | Villager (Male) |
| 18:02 | Create | Spearman |
| 18:09 | Build | Mill |
| 18:10 | Build | Farm |
| 18:10 | Build | Farm |
| 18:10 | Build | Farm |
| 18:11 | Build | Farm |
| 18:27 | Build | Palisade Gate |
| 19:02 | Research | Castle Age |
| 19:07 | Build | Mining Camp |
| 19:20 | Build | Watch Tower |
| 19:32 | Create | Militia |
| 19:32 | Create | Militia |
| 19:32 | Create | Militia |
| 19:33 | Create | Militia |
| 19:36 | Research | Scale Mail Armor |
| 19:36 | Research | Scale Mail Armor |
| 19:53 | Build | Lumber Camp |
| 20:07 | Research | Forging |
| 20:14 | Build | House |
| 20:15 | Build | House |
| 20:20 | Create | Villager (Male) |
| 20:33 | Build | House |
| 20:36 | Build | House |
| 20:38 | Create | Villager (Male) |
| 21:00 | Create | Militia |
| 21:00 | Create | Militia |
| 21:00 | Create | Militia |
| 21:42 | Age | Castle Age |
| 21:47 | Create | Villager (Male) |
| 22:21 | Build | Krepost |
| 22:27 | Research | Squires |
| 22:27 | Research | Gambesons |
| 22:41 | Create | Villager (Male) |
| 22:41 | Create | Villager (Male) |
| 22:41 | Create | Villager (Male) |
| 23:14 | Create | Scout Cavalry |
| 23:14 | Create | Scout Cavalry |
| 23:15 | Create | Scout Cavalry |
| 23:21 | Build | House |
| 23:27 | Build | House |
| 23:30 | Build | House |
| 23:59 | Create | Militia |
| 23:59 | Create | Militia |
| 24:00 | Create | Militia |
| 24:00 | Create | Militia |
| 24:16 | Create | Spearman |
| 24:17 | Create | Spearman |
| 24:23 | Create | Scout Cavalry |
| 24:23 | Create | Scout Cavalry |
| 24:23 | Create | Scout Cavalry |
| 24:24 | Create | Scout Cavalry |
| 24:25 | Create | Villager (Male) |
| 24:43 | Build | Farm |
| 24:43 | Build | Farm |
| 25:14 | Build | Krepost |
| 25:18 | Build | House |
| 25:19 | Build | House |
| 25:20 | Build | House |
| 25:21 | Create | Villager (Male) |
| 25:22 | Create | Villager (Male) |
Build order — Benjaiper
First 150 of 1431 actions detected
| 0:00 | Create | Villager (Male) |
| 0:01 | Create | Villager (Male) |
| 0:01 | Create | Villager (Male) |
| 0:03 | Build | House |
| 0:04 | Build | House |
| 0:04 | Create | Villager (Male) |
| 1:18 | Create | Villager (Male) |
| 1:45 | Build | Lumber Camp |
| 1:45 | Create | Villager (Male) |
| 1:50 | Create | Villager (Male) |
| 1:50 | Create | Villager (Male) |
| 2:15 | Create | Villager (Male) |
| 2:15 | Create | Villager (Male) |
| 2:40 | Create | Villager (Male) |
| 2:56 | Create | Villager (Male) |
| 3:25 | Create | Villager (Male) |
| 3:25 | Create | Villager (Male) |
| 3:42 | Create | Villager (Male) |
| 3:48 | Build | House |
| 4:18 | Build | Mill |
| 4:28 | Build | House |
| 4:30 | Build | House |
| 4:49 | Create | Villager (Male) |
| 4:50 | Create | Villager (Male) |
| 4:57 | Create | Villager (Male) |
| 5:10 | Create | Villager (Male) |
| 5:47 | Create | Villager (Male) |
| 5:48 | Create | Villager (Male) |
| 5:49 | Create | Villager (Male) |
| 6:19 | Build | Farm |
| 6:44 | Build | Farm |
| 7:34 | Build | Mining Camp |
| 7:57 | Create | Villager (Male) |
| 8:15 | Create | Villager (Male) |
| 8:31 | Create | Villager (Male) |
| 9:05 | Research | Feudal Age |
| 9:15 | Build | Farm |
| 10:36 | Create | Villager (Male) |
| 11:10 | Create | Villager (Male) |
| 11:22 | Age | Feudal Age |
| 11:28 | Build | Market |
| 11:33 | Build | Blacksmith |
| 11:52 | Research | Double-Bit Axe |
| 12:17 | Research | Castle Age |
| 12:29 | Build | Lumber Camp |
| 13:07 | Build | Palisade Wall |
| 13:14 | Build | Palisade Wall |
| 13:24 | Build | Palisade Wall |
| 13:31 | Build | Palisade Wall |
| 14:07 | Create | Villager (Male) |
| 14:29 | Build | Barracks |
| 14:49 | Build | House |
| 14:57 | Age | Castle Age |
| 14:59 | Build | Palisade Wall |
| 15:10 | Build | Town Center |
| 15:20 | Build | House |
| 15:24 | Create | Villager (Male) |
| 15:46 | Build | Town Center |
| 15:48 | Create | Villager (Male) |
| 15:57 | Create | Villager (Male) |
| 15:59 | Create | Villager (Male) |
| 16:02 | Build | Farm |
| 16:06 | Build | Farm |
| 16:10 | Create | Villager (Male) |
| 16:28 | Build | House |
| 16:31 | Create | Villager (Male) |
| 16:32 | Research | Fletching |
| 16:34 | Create | Villager (Male) |
| 16:35 | Create | Villager (Male) |
| 16:37 | Build | Farm |
| 16:39 | Build | Farm |
| 16:55 | Build | House |
| 16:59 | Create | Villager (Male) |
| 16:59 | Create | Villager (Male) |
| 17:00 | Create | Villager (Male) |
| 17:06 | Research | Loom |
| 17:10 | Create | Villager (Male) |
| 17:20 | Build | Farm |
| 17:23 | Build | Farm |
| 17:25 | Build | Farm |
| 17:31 | Build | Farm |
| 17:31 | Create | Villager (Male) |
| 17:31 | Create | Villager (Male) |
| 17:32 | Create | Villager (Male) |
| 17:35 | Build | Archery Range |
| 17:37 | Build | Archery Range |
| 17:38 | Create | Villager (Male) |
| 18:00 | Build | Farm |
| 18:01 | Create | Villager (Male) |
| 18:04 | Build | Farm |
| 18:18 | Create | Villager (Male) |
| 18:35 | Build | Farm |
| 18:52 | Build | Farm |
| 19:00 | Research | Crossbowman (upgrade) |
| 19:05 | Create | Archer |
| 19:06 | Create | Archer |
| 19:09 | Create | Archer |
| 19:10 | Create | Archer |
| 19:15 | Build | Farm |
| 19:17 | Build | Farm |
| 19:19 | Create | Villager (Male) |
| 19:27 | Build | Farm |
| 19:27 | Build | Farm |
| 19:27 | Build | Farm |
| 19:27 | Build | Farm |
| 19:37 | Create | Archer |
| 19:37 | Create | Archer |
| 19:41 | Create | Archer |
| 19:43 | Create | Villager (Male) |
| 19:47 | Create | Archer |
| 19:59 | Create | Archer |
| 20:05 | Create | Villager (Male) |
| 20:06 | Create | Villager (Male) |
| 20:18 | Create | Villager (Male) |
| 20:18 | Create | Villager (Male) |
| 20:27 | Build | Market |
| 20:35 | Create | Archer |
| 20:37 | Create | Archer |
| 20:38 | Create | Archer |
| 20:39 | Create | Villager (Male) |
| 20:39 | Create | Villager (Male) |
| 20:40 | Create | Villager (Male) |
| 20:48 | Create | Villager (Male) |
| 21:01 | Create | Villager (Male) |
| 21:02 | Create | Villager (Male) |
| 21:03 | Build | House |
| 21:04 | Build | House |
| 21:34 | Create | Villager (Male) |
| 21:34 | Create | Villager (Male) |
| 21:34 | Create | Villager (Male) |
| 21:45 | Create | Villager (Male) |
| 22:09 | Build | House |
| 22:11 | Build | House |
| 22:12 | Build | House |
| 22:19 | Create | Archer |
| 22:20 | Create | Archer |
| 22:22 | Create | Villager (Male) |
| 22:22 | Create | Villager (Male) |
| 22:23 | Create | Villager (Male) |
| 22:30 | Build | Mining Camp |
| 22:39 | Research | Bodkin Arrow |
| 22:43 | Create | Archer |
| 22:47 | Build | Farm |
| 22:48 | Create | Villager (Male) |
| 22:48 | Create | Villager (Male) |
| 23:10 | Create | Archer |
| 23:11 | Create | Archer |
| 23:19 | Create | Archer |
| 23:19 | Create | Archer |
| 23:27 | Create | Villager (Male) |
Build order — __35_Kingpin_Arg
First 150 of 1817 actions detected
| 0:01 | Create | Villager (Male) |
| 0:01 | Create | Villager (Male) |
| 0:02 | Create | Villager (Male) |
| 0:03 | Build | House |
| 0:04 | Build | House |
| 0:06 | Create | Villager (Male) |
| 0:07 | Create | Villager (Male) |
| 0:07 | Create | Villager (Male) |
| 1:22 | Build | Lumber Camp |
| 1:29 | Create | Villager (Male) |
| 1:30 | Create | Villager (Male) |
| 1:55 | Create | Villager (Male) |
| 1:55 | Create | Villager (Male) |
| 2:27 | Create | Villager (Male) |
| 2:46 | Build | Palisade Gate |
| 2:55 | Build | Palisade Gate |
| 2:58 | Create | Villager (Male) |
| 2:59 | Create | Villager (Male) |
| 3:17 | Create | Villager (Male) |
| 3:17 | Create | Villager (Male) |
| 3:23 | Build | Palisade Wall |
| 3:33 | Build | House |
| 3:49 | Create | Villager (Male) |
| 3:49 | Create | Villager (Male) |
| 4:00 | Build | Palisade Gate |
| 4:05 | Create | Villager (Male) |
| 4:05 | Create | Villager (Male) |
| 4:14 | Build | Palisade Wall |
| 4:15 | Build | Palisade Wall |
| 4:25 | Create | Villager (Male) |
| 4:25 | Create | Villager (Male) |
| 4:51 | Create | Villager (Male) |
| 4:51 | Create | Villager (Male) |
| 4:51 | Create | Villager (Male) |
| 4:59 | Create | Villager (Male) |
| 5:14 | Create | Villager (Male) |
| 5:20 | Build | House |
| 6:04 | Build | Mill |
| 6:07 | Build | House |
| 6:18 | Create | Villager (Male) |
| 6:18 | Create | Villager (Male) |
| 6:52 | Create | Villager (Male) |
| 7:47 | Research | Feudal Age |
| 8:19 | Create | Villager (Male) |
| 8:20 | Research | Loom |
| 8:38 | Build | Barracks |
| 9:15 | Build | House |
| 9:57 | Age | Feudal Age |
| 10:00 | Build | Stable |
| 10:04 | Create | Villager (Male) |
| 10:16 | Research | Double-Bit Axe |
| 10:25 | Build | House |
| 10:41 | Create | Scout Cavalry |
| 10:41 | Create | Scout Cavalry |
| 10:48 | Build | Farm |
| 10:53 | Create | Villager (Male) |
| 10:53 | Create | Villager (Male) |
| 11:09 | Create | Scout Cavalry |
| 11:10 | Create | Villager (Male) |
| 11:13 | Build | Farm |
| 11:29 | Build | Farm |
| 11:43 | Research | Horse Collar |
| 12:00 | Create | Villager (Male) |
| 12:02 | Create | Scout Cavalry |
| 12:13 | Build | Farm |
| 12:16 | Build | Farm |
| 12:18 | Create | Villager (Male) |
| 12:22 | Create | Scout Cavalry |
| 12:38 | Create | Villager (Male) |
| 12:44 | Build | Farm |
| 12:49 | Build | Farm |
| 12:50 | Create | Scout Cavalry |
| 13:01 | Create | Villager (Male) |
| 13:07 | Build | Farm |
| 13:22 | Create | Villager (Male) |
| 13:48 | Create | Scout Cavalry |
| 13:53 | Build | Blacksmith |
| 14:06 | Build | Mining Camp |
| 14:09 | Build | House |
| 14:10 | Build | House |
| 14:25 | Create | Villager (Male) |
| 14:26 | Research | Wheelbarrow |
| 14:38 | Create | Villager (Male) |
| 14:50 | Research | Scale Barding Armor |
| 14:55 | Create | Villager (Male) |
| 14:57 | Build | House |
| 15:44 | Build | Farm |
| 16:08 | Build | Farm |
| 16:08 | Build | Farm |
| 16:09 | Build | Farm |
| 16:09 | Build | Farm |
| 16:09 | Build | Farm |
| 16:33 | Build | Lumber Camp |
| 16:42 | Build | Market |
| 16:58 | Create | Villager (Male) |
| 17:21 | Create | Villager (Male) |
| 17:40 | Create | Villager (Male) |
| 18:08 | Research | Castle Age |
| 18:46 | Research | Bloodlines |
| 18:54 | Build | House |
| 19:05 | Create | Villager (Male) |
| 19:11 | Build | Palisade Gate |
| 19:25 | Research | Gold Mining |
| 19:31 | Build | Farm |
| 19:32 | Build | Farm |
| 20:03 | Research | Forging |
| 20:53 | Age | Castle Age |
| 20:57 | Build | Town Center |
| 21:01 | Create | Villager (Male) |
| 21:02 | Create | Knight |
| 21:02 | Create | Knight |
| 21:08 | Research | Chain Barding Armor |
| 21:11 | Research | Heavy Plow |
| 21:17 | Build | Stable |
| 21:25 | Build | Farm |
| 21:26 | Build | Farm |
| 21:26 | Build | Farm |
| 21:26 | Build | Farm |
| 21:27 | Create | Villager (Male) |
| 21:42 | Create | Villager (Male) |
| 21:44 | Create | Knight |
| 21:50 | Create | Villager (Male) |
| 21:56 | Build | Farm |
| 22:18 | Create | Villager (Male) |
| 22:19 | Create | Knight |
| 22:20 | Create | Knight |
| 22:25 | Build | Farm |
| 22:31 | Create | Knight |
| 22:44 | Create | Villager (Male) |
| 22:45 | Create | Villager (Male) |
| 22:46 | Create | Villager (Male) |
| 22:46 | Create | Villager (Male) |
| 22:49 | Build | Farm |
| 22:51 | Build | Farm |
| 22:55 | Build | Farm |
| 22:56 | Create | Villager (Male) |
| 23:06 | Create | Knight |
| 23:11 | Create | Villager (Male) |
| 23:18 | Create | Villager (Male) |
| 23:20 | Create | Villager (Male) |
| 23:26 | Create | Knight |
| 23:34 | Create | Knight |
| 23:44 | Build | Farm |
| 23:47 | Build | Farm |
| 23:54 | Build | Farm |
| 23:54 | Create | Villager (Male) |
| 23:55 | Create | Villager (Male) |
| 23:57 | Create | Knight |
| 24:09 | Create | Villager (Male) |
| 24:12 | Create | Knight |
Build order — __127_Monchito008_Arg
First 150 of 588 actions detected
| 0:01 | Create | Villager (Male) |
| 0:02 | Create | Villager (Male) |
| 0:02 | Create | Villager (Male) |
| 0:03 | Build | House |
| 0:04 | Build | House |
| 0:04 | Create | Villager (Male) |
| 0:04 | Create | Villager (Male) |
| 1:24 | Create | Villager (Male) |
| 1:53 | Build | Lumber Camp |
| 1:54 | Create | Villager (Male) |
| 1:55 | Create | Villager (Male) |
| 2:24 | Create | Villager (Male) |
| 2:52 | Create | Villager (Male) |
| 2:52 | Create | Villager (Male) |
| 3:10 | Create | Villager (Male) |
| 3:10 | Create | Villager (Male) |
| 3:25 | Build | House |
| 3:29 | Build | House |
| 3:49 | Create | Villager (Male) |
| 3:49 | Create | Villager (Male) |
| 4:16 | Build | Mill |
| 4:54 | Create | Villager (Male) |
| 4:57 | Create | Villager (Male) |
| 5:35 | Create | Villager (Male) |
| 6:03 | Research | Loom |
| 6:28 | Build | Farm |
| 6:49 | Research | Feudal Age |
| 6:50 | Research | Feudal Age |
| 7:21 | Build | Mining Camp |
| 7:42 | Create | Villager (Male) |
| 8:06 | Build | Mill |
| 8:13 | Build | Mill |
| 8:59 | Age | Feudal Age |
| 9:05 | Create | Villager (Male) |
| 10:07 | Create | Villager (Male) |
| 10:11 | Build | Blacksmith |
| 10:46 | Create | Villager (Male) |
| 10:50 | Build | House |
| 10:53 | Create | Villager (Male) |
| 11:44 | Build | Farm |
| 12:23 | Build | Market |
| 13:11 | Create | Villager (Male) |
| 13:24 | Build | Palisade Gate |
| 13:36 | Research | Castle Age |
| 13:50 | Research | Gold Mining |
| 13:50 | Research | Gold Mining |
| 13:52 | Create | Villager (Male) |
| 13:53 | Create | Villager (Male) |
| 14:34 | Build | Barracks |
| 14:46 | Create | Villager (Male) |
| 15:11 | Build | Palisade Wall |
| 15:12 | Build | Palisade Wall |
| 15:13 | Build | Palisade Wall |
| 15:16 | Create | Spearman |
| 15:16 | Create | Spearman |
| 15:19 | Create | Spearman |
| 15:50 | Create | Villager (Male) |
| 16:03 | Create | Villager (Male) |
| 16:09 | Build | House |
| 16:11 | Build | Palisade Wall |
| 16:13 | Build | Palisade Wall |
| 16:14 | Build | Palisade Wall |
| 16:15 | Build | Palisade Wall |
| 16:16 | Age | Castle Age |
| 16:30 | Build | Monastery |
| 16:45 | Create | Spearman |
| 16:46 | Create | Spearman |
| 16:57 | Build | Palisade Wall |
| 17:05 | Create | Spearman |
| 17:19 | Create | Monk |
| 17:21 | Build | House |
| 17:24 | Build | Palisade Wall |
| 17:27 | Build | Farm |
| 17:28 | Create | Villager (Male) |
| 17:31 | Build | Farm |
| 17:42 | Create | Villager (Male) |
| 17:44 | Build | House |
| 18:18 | Build | Siege Workshop |
| 18:23 | Create | Monk |
| 18:28 | Build | Farm |
| 18:28 | Build | Farm |
| 18:29 | Build | Farm |
| 18:40 | Create | Villager (Male) |
| 18:45 | Research | Sanctity |
| 18:46 | Create | Monk |
| 19:00 | Create | Battering Ram |
| 19:00 | Create | Battering Ram |
| 19:23 | Build | Monastery |
| 19:28 | Create | Villager (Male) |
| 20:02 | Create | Monk |
| 20:06 | Create | Battering Ram |
| 20:06 | Create | Battering Ram |
| 20:08 | Build | House |
| 20:13 | Create | Villager (Male) |
| 20:14 | Create | Villager (Male) |
| 20:15 | Create | Spearman |
| 20:17 | Build | House |
| 20:37 | Build | Farm |
| 20:38 | Build | Farm |
| 20:42 | Build | House |
| 21:02 | Build | House |
| 21:23 | Build | Farm |
| 21:26 | Build | Farm |
| 21:26 | Build | Farm |
| 21:26 | Build | Farm |
| 21:27 | Build | Farm |
| 21:27 | Build | Farm |
| 21:27 | Build | Farm |
| 21:29 | Create | Villager (Male) |
| 21:37 | Create | Monk |
| 21:39 | Build | House |
| 21:48 | Create | Monk |
| 22:00 | Create | Monk |
| 22:01 | Create | Monk |
| 22:03 | Create | Villager (Male) |
| 22:08 | Build | Farm |
| 22:09 | Build | Farm |
| 22:09 | Build | Farm |
| 22:23 | Create | Villager (Male) |
| 22:43 | Create | Villager (Male) |
| 22:50 | Research | Man-at-Arms (upgrade) |
| 22:53 | Build | Barracks |
| 22:54 | Build | Barracks |
| 23:13 | Create | Monk |
| 23:14 | Create | Villager (Male) |
| 23:35 | Research | Fervor |
| 24:27 | Create | Villager (Male) |
| 24:36 | Research | Long Swordsman (upgrade) |
| 24:40 | Research | Gambesons |
| 24:42 | Create | Militia |
| 24:43 | Build | Barracks |
| 24:44 | Build | Barracks |
| 24:47 | Create | Militia |
| 24:55 | Create | Monk |
| 25:01 | Create | Spearman |
| 25:06 | Create | Battering Ram |
| 25:07 | Create | Battering Ram |
| 25:07 | Create | Battering Ram |
| 25:07 | Create | Villager (Male) |
| 25:17 | Create | Villager (Male) |
| 25:19 | Create | Militia |
| 25:19 | Create | Militia |
| 25:25 | Build | Lumber Camp |
| 25:29 | Build | House |
| 25:48 | Create | Militia |
| 25:49 | Create | Militia |
| 26:21 | Create | Militia |
| 26:22 | Create | Militia |
| 26:22 | Create | Militia |
| 27:22 | Build | Barracks |
Build order — Meriart
First 150 of 1080 actions detected
| 0:00 | Create | Villager (Male) ×4 |
| 0:01 | Create | Villager (Male) ×4 |
| 0:03 | Build | House |
| 0:05 | Build | House |
| 1:30 | Create | Villager (Male) |
| 1:30 | Create | Villager (Male) |
| 1:50 | Build | Lumber Camp |
| 2:05 | Create | Villager (Male) |
| 2:05 | Create | Villager (Male) |
| 2:29 | Create | Villager (Male) |
| 2:30 | Create | Villager (Male) |
| 2:55 | Create | Villager (Male) |
| 3:16 | Create | Villager (Male) |
| 3:16 | Create | Villager (Male) |
| 3:34 | Build | House |
| 3:42 | Create | Villager (Male) |
| 3:42 | Create | Villager (Male) |
| 3:43 | Create | Villager (Male) |
| 3:50 | Create | Villager (Male) |
| 3:50 | Create | Villager (Male) |
| 4:10 | Build | Mill |
| 4:27 | Create | Villager (Male) |
| 4:27 | Create | Villager (Male) |
| 4:55 | Create | Villager (Male) |
| 4:55 | Create | Villager (Male) |
| 4:55 | Create | Villager (Male) |
| 5:34 | Build | Mill |
| 6:00 | Create | Villager (Male) |
| 6:00 | Create | Villager (Male) |
| 6:03 | Research | Loom |
| 6:24 | Build | House |
| 7:13 | Create | Villager (Male) |
| 7:31 | Research | Feudal Age |
| 7:49 | Build | Barracks |
| 7:54 | Build | Mining Camp |
| 8:55 | Build | House |
| 9:10 | Build | House |
| 9:12 | Build | Palisade Wall |
| 9:12 | Build | Palisade Wall |
| 9:14 | Build | Palisade Wall |
| 9:32 | Build | House |
| 9:38 | Build | House |
| 9:49 | Create | Villager (Male) |
| 9:50 | Age | Feudal Age |
| 9:52 | Build | Archery Range |
| 10:02 | Create | Villager (Male) |
| 10:27 | Build | Watch Tower |
| 10:40 | Create | Archer |
| 10:40 | Create | Archer |
| 10:40 | Create | Archer |
| 10:41 | Create | Villager (Male) |
| 10:58 | Research | Town Watch |
| 11:00 | Research | Double-Bit Axe |
| 11:19 | Create | Villager (Male) |
| 11:29 | Create | Archer |
| 11:30 | Create | Archer |
| 11:52 | Build | Stone Wall |
| 11:57 | Build | Blacksmith |
| 11:59 | Create | Villager (Male) |
| 12:02 | Create | Archer |
| 12:03 | Create | Archer |
| 12:05 | Create | Villager (Male) |
| 12:24 | Research | Horse Collar |
| 12:24 | Create | Villager (Male) |
| 12:25 | Create | Archer |
| 12:26 | Create | Archer |
| 12:26 | Create | Archer |
| 12:53 | Build | House |
| 12:54 | Build | Palisade Wall |
| 12:56 | Create | Archer |
| 13:25 | Create | Villager (Male) |
| 13:27 | Create | Archer |
| 13:31 | Research | Fletching |
| 13:47 | Create | Villager (Male) |
| 13:47 | Create | Villager (Male) |
| 14:00 | Build | Archery Range |
| 14:06 | Create | Archer |
| 14:10 | Create | Villager (Male) |
| 14:19 | Build | Farm |
| 14:19 | Build | Farm |
| 14:51 | Build | House |
| 14:55 | Create | Archer |
| 14:55 | Create | Archer |
| 14:58 | Build | Gate |
| 15:03 | Create | Villager (Male) |
| 15:06 | Build | Farm |
| 15:10 | Build | Farm |
| 15:11 | Create | Villager (Male) |
| 15:12 | Create | Archer |
| 15:12 | Create | Archer |
| 15:12 | Create | Archer |
| 15:12 | Create | Archer |
| 15:37 | Create | Villager (Male) |
| 15:40 | Build | Farm |
| 15:52 | Create | Archer |
| 15:52 | Create | Archer |
| 15:59 | Create | Villager (Male) |
| 15:59 | Create | Villager (Male) |
| 16:02 | Build | Farm |
| 16:05 | Build | Farm |
| 16:25 | Build | Farm |
| 16:26 | Build | Farm |
| 16:29 | Research | Padded Archer Armor |
| 16:37 | Create | Villager (Male) |
| 16:37 | Create | Villager (Male) |
| 16:51 | Build | Farm |
| 16:59 | Research | Gold Mining |
| 17:25 | Create | Archer |
| 17:25 | Create | Archer |
| 17:26 | Create | Villager (Male) |
| 17:30 | Build | House |
| 17:31 | Build | House |
| 17:41 | Create | Archer |
| 17:41 | Create | Archer |
| 17:41 | Create | Archer |
| 17:52 | Research | Wheelbarrow |
| 18:02 | Create | Archer |
| 18:14 | Create | Archer |
| 18:14 | Create | Archer |
| 18:14 | Create | Villager (Male) |
| 18:24 | Build | House |
| 19:20 | Build | House |
| 19:29 | Create | Villager (Male) |
| 19:37 | Create | Archer |
| 19:50 | Create | Archer |
| 19:51 | Create | Archer |
| 19:57 | Create | Archer |
| 19:57 | Create | Archer |
| 20:09 | Build | Farm |
| 20:16 | Create | Archer |
| 20:22 | Build | Farm |
| 20:23 | Build | Farm |
| 20:25 | Build | Farm |
| 20:26 | Build | Farm |
| 20:27 | Build | Farm |
| 20:35 | Create | Archer |
| 20:36 | Create | Archer |
| 21:05 | Create | Archer |
| 21:05 | Create | Archer |
| 21:12 | Build | Lumber Camp |
| 21:44 | Build | Mill |
| 22:00 | Create | Villager (Male) |
| 22:29 | Build | Farm |
| 23:01 | Build | Market |
| 23:25 | Research | Castle Age |
| 23:25 | Research | Castle Age |
| 23:49 | Build | Mining Camp |
| 24:06 | Build | Barracks |
| 24:37 | Build | Barracks |
| 24:46 | Research | Scale Mail Armor |
Build order — __72_KaN_Arg
First 150 of 1083 actions detected
| 0:01 | Create | Villager (Male) ×4 |
| 0:02 | Build | House |
| 0:03 | Build | House |
| 1:21 | Create | Villager (Male) |
| 1:22 | Create | Villager (Male) |
| 1:22 | Create | Villager (Male) |
| 2:02 | Create | Villager (Male) |
| 2:02 | Create | Villager (Male) |
| 2:27 | Create | Villager (Male) |
| 2:27 | Create | Villager (Male) |
| 2:27 | Create | Villager (Male) |
| 2:44 | Create | Villager (Male) |
| 2:44 | Create | Villager (Male) |
| 2:45 | Create | Villager (Male) |
| 2:57 | Create | Villager (Male) |
| 2:58 | Create | Villager (Male) |
| 3:21 | Create | Villager (Male) |
| 3:22 | Create | Villager (Male) |
| 3:50 | Create | Villager (Male) |
| 3:50 | Create | Villager (Male) |
| 3:52 | Build | House |
| 4:21 | Build | Mule Cart |
| 4:42 | Create | Villager (Male) |
| 4:42 | Create | Villager (Male) |
| 4:42 | Create | Villager (Male) |
| 5:19 | Create | Villager (Male) |
| 5:19 | Create | Villager (Male) |
| 5:20 | Create | Villager (Male) |
| 5:20 | Create | Villager (Male) |
| 5:45 | Build | Barracks |
| 6:11 | Research | Loom |
| 6:49 | Research | Feudal Age |
| 6:50 | Research | Feudal Age |
| 7:14 | Create | Militia |
| 7:14 | Create | Militia |
| 7:15 | Create | Militia |
| 7:36 | Create | Militia |
| 7:36 | Create | Militia |
| 7:39 | Build | House |
| 8:42 | Build | House |
| 8:59 | Age | Feudal Age |
| 9:11 | Research | Man-at-Arms (upgrade) |
| 9:11 | Create | Villager (Male) |
| 9:16 | Research | Double-Bit Axe |
| 9:17 | Create | Villager (Male) |
| 9:43 | Create | Militia |
| 9:50 | Build | Archery Range |
| 9:58 | Build | Mill |
| 10:01 | Build | House |
| 10:12 | Create | Villager (Male) |
| 10:20 | Create | Villager (Male) |
| 10:22 | Create | Militia |
| 10:22 | Create | Militia |
| 10:23 | Create | Militia |
| 10:46 | Create | Villager (Male) |
| 10:53 | Build | Farm |
| 11:00 | Create | Archer |
| 11:00 | Create | Archer |
| 11:14 | Create | Skirmisher |
| 11:17 | Create | Villager (Male) |
| 11:17 | Create | Villager (Male) |
| 11:19 | Build | Farm |
| 11:25 | Build | House |
| 11:28 | Build | House |
| 11:46 | Create | Villager (Male) |
| 11:47 | Create | Villager (Male) |
| 11:48 | Build | Farm |
| 11:50 | Build | Farm |
| 12:00 | Create | Archer |
| 12:01 | Create | Villager (Male) |
| 12:19 | Build | Farm |
| 12:34 | Build | Farm |
| 12:59 | Create | Villager (Male) |
| 13:01 | Build | Farm |
| 13:02 | Create | Archer |
| 13:19 | Create | Skirmisher |
| 13:37 | Create | Archer |
| 13:58 | Create | Villager (Male) |
| 14:00 | Build | Farm |
| 14:05 | Build | House |
| 14:06 | Build | House |
| 14:29 | Create | Villager (Male) |
| 14:31 | Build | Blacksmith |
| 14:34 | Build | House |
| 14:43 | Create | Archer |
| 14:53 | Build | Palisade Wall |
| 14:58 | Build | House |
| 15:00 | Build | House |
| 15:01 | Build | House |
| 15:07 | Create | Villager (Male) |
| 15:21 | Research | Fletching |
| 15:21 | Research | Fletching |
| 15:36 | Create | Skirmisher |
| 15:38 | Create | Skirmisher |
| 15:41 | Create | Villager (Male) |
| 15:43 | Build | Farm |
| 15:49 | Build | House |
| 15:56 | Create | Skirmisher |
| 16:05 | Research | Wheelbarrow |
| 16:05 | Research | Wheelbarrow |
| 16:05 | Research | Wheelbarrow |
| 16:20 | Build | Palisade Wall |
| 16:24 | Create | Skirmisher |
| 16:52 | Build | Farm |
| 16:59 | Build | Farm |
| 17:17 | Create | Skirmisher |
| 17:33 | Build | Palisade Wall |
| 17:35 | Build | Palisade Wall |
| 17:46 | Create | Villager (Male) |
| 18:07 | Create | Skirmisher |
| 18:11 | Create | Villager (Male) |
| 18:19 | Create | Skirmisher |
| 18:26 | Build | Archery Range |
| 19:05 | Create | Villager (Male) |
| 19:06 | Create | Skirmisher |
| 19:08 | Create | Skirmisher |
| 19:25 | Create | Villager (Male) |
| 19:27 | Create | Skirmisher |
| 19:32 | Research | Castle Age |
| 20:15 | Build | Farm |
| 20:16 | Build | Farm |
| 21:21 | Create | Skirmisher |
| 21:32 | Build | Mule Cart |
| 22:12 | Age | Castle Age |
| 22:13 | Build | Town Center |
| 22:15 | Create | Skirmisher |
| 22:16 | Create | Skirmisher |
| 22:16 | Create | Skirmisher |
| 22:20 | Build | Town Center |
| 22:25 | Research | Bow Saw |
| 22:28 | Research | Horse Collar |
| 22:30 | Research | Town Watch |
| 22:30 | Create | Villager (Male) |
| 22:32 | Create | Villager (Male) |
| 23:27 | Research | Padded Archer Armor |
| 23:27 | Create | Skirmisher |
| 23:28 | Create | Skirmisher |
| 23:30 | Create | Villager (Male) |
| 23:31 | Create | Villager (Male) |
| 23:31 | Create | Villager (Male) |
| 23:32 | Create | Villager (Male) |
| 23:55 | Create | Villager (Male) |
| 23:56 | Create | Villager (Male) |
| 23:56 | Create | Villager (Male) |
| 24:03 | Build | Town Center |
| 24:30 | Create | Villager (Male) ×5 |
| 24:34 | Build | Monastery |
| 24:36 | Build | Farm |
| 24:37 | Build | Farm |
| 24:37 | Build | Farm |
Build order — Manuel hormigaiper
First 150 of 1208 actions detected
| 0:02 | Create | Villager (Male) ×4 |
| 0:02 | Create | Villager (Male) ×4 |
| 0:02 | Create | Villager (Male) ×4 |
| 0:03 | Build | House |
| 0:05 | Build | House |
| 1:24 | Create | Villager (Male) |
| 1:24 | Create | Villager (Male) |
| 1:24 | Create | Villager (Male) |
| 1:40 | Create | Villager (Male) |
| 1:40 | Create | Villager (Male) |
| 2:04 | Build | Lumber Camp |
| 2:08 | Create | Villager (Male) |
| 2:08 | Create | Villager (Male) |
| 2:31 | Create | Villager (Male) |
| 2:31 | Create | Villager (Male) |
| 2:31 | Create | Villager (Male) |
| 3:06 | Create | Villager (Male) |
| 3:06 | Create | Villager (Male) |
| 3:31 | Build | House |
| 3:32 | Build | House |
| 3:35 | Create | Villager (Male) |
| 4:05 | Create | Villager (Male) |
| 4:05 | Create | Villager (Male) |
| 4:05 | Create | Villager (Male) |
| 4:27 | Create | Villager (Male) |
| 4:27 | Create | Villager (Male) |
| 4:35 | Build | House |
| 4:35 | Build | House |
| 4:39 | Build | Palisade Gate |
| 4:46 | Create | Villager (Male) |
| 5:02 | Create | Villager (Male) |
| 5:15 | Create | Villager (Male) |
| 5:38 | Build | Mill |
| 5:50 | Create | Villager (Male) |
| 6:15 | Create | Villager (Male) |
| 6:49 | Build | Lumber Camp |
| 6:52 | Create | Villager (Male) |
| 6:53 | Create | Villager (Male) |
| 7:08 | Create | Villager (Male) |
| 7:08 | Create | Villager (Male) |
| 7:09 | Create | Villager (Male) |
| 7:31 | Create | Villager (Male) |
| 9:03 | Research | Feudal Age |
| 9:03 | Research | Feudal Age |
| 9:03 | Research | Feudal Age |
| 9:03 | Research | Feudal Age |
| 9:05 | Build | Mining Camp |
| 9:53 | Create | Villager (Male) |
| 9:54 | Create | Villager (Male) |
| 10:11 | Build | Farm |
| 10:12 | Build | Farm |
| 10:14 | Build | Farm |
| 11:22 | Age | Feudal Age |
| 11:28 | Build | Market |
| 11:32 | Build | Blacksmith |
| 12:21 | Research | Castle Age |
| 12:21 | Research | Castle Age |
| 12:35 | Research | Double-Bit Axe |
| 13:03 | Create | Villager (Male) |
| 13:03 | Create | Villager (Male) |
| 13:28 | Research | Horse Collar |
| 14:10 | Build | House |
| 14:11 | Build | House |
| 15:01 | Age | Castle Age |
| 15:04 | Build | Town Center |
| 15:16 | Build | Town Center |
| 15:21 | Build | House |
| 15:25 | Research | Bow Saw |
| 15:25 | Research | Heavy Plow |
| 15:25 | Research | Heavy Plow |
| 15:28 | Create | Villager (Male) |
| 15:50 | Build | House |
| 15:51 | Build | House |
| 15:56 | Create | Villager (Male) |
| 16:23 | Create | Villager (Male) |
| 16:36 | Create | Villager (Male) |
| 16:38 | Create | Villager (Male) |
| 16:48 | Create | Villager (Male) ×3 |
| 16:53 | Build | Farm |
| 16:54 | Build | Farm |
| 16:55 | Build | Farm |
| 16:56 | Build | Farm |
| 16:57 | Build | Farm |
| 16:58 | Build | Farm |
| 16:59 | Build | Farm |
| 17:04 | Build | Farm |
| 17:09 | Create | Villager (Male) |
| 17:09 | Create | Villager (Male) |
| 17:09 | Create | Villager (Male) |
| 17:14 | Build | Monastery |
| 17:22 | Build | Palisade Wall |
| 17:23 | Build | Palisade Wall |
| 17:24 | Build | Palisade Wall |
| 17:25 | Build | Palisade Wall |
| 17:34 | Create | Villager (Male) |
| 17:42 | Build | Palisade Wall |
| 17:44 | Build | Palisade Wall |
| 17:51 | Create | Villager (Male) |
| 17:51 | Create | Villager (Male) |
| 18:04 | Create | Monk |
| 18:06 | Build | Farm |
| 18:08 | Build | Farm |
| 18:08 | Build | Farm |
| 18:12 | Research | Loom |
| 18:12 | Research | Loom |
| 18:18 | Build | Palisade Wall |
| 18:19 | Build | Palisade Wall |
| 18:27 | Create | Villager (Male) |
| 18:27 | Create | Villager (Male) |
| 18:27 | Create | Villager (Male) |
| 18:32 | Build | Palisade Wall |
| 18:33 | Build | Palisade Wall |
| 18:35 | Build | Palisade Wall |
| 18:38 | Build | Palisade Wall |
| 18:39 | Build | Palisade Wall |
| 18:41 | Build | Palisade Wall |
| 18:43 | Create | Villager (Male) |
| 18:51 | Create | Villager (Male) |
| 18:51 | Create | Villager (Male) |
| 19:00 | Build | Farm |
| 19:02 | Build | Farm |
| 19:03 | Build | Farm |
| 19:04 | Build | Farm |
| 19:06 | Build | Farm |
| 19:08 | Build | Farm |
| 19:09 | Build | Farm |
| 19:10 | Build | Farm |
| 19:11 | Build | Farm |
| 19:12 | Build | Farm |
| 19:15 | Build | House |
| 19:15 | Build | House |
| 19:16 | Build | House |
| 19:16 | Build | House |
| 19:16 | Build | House |
| 19:16 | Build | House |
| 19:16 | Build | House |
| 19:17 | Build | House |
| 19:21 | Build | House |
| 19:22 | Create | Villager (Male) ×3 |
| 19:28 | Create | Monk |
| 19:33 | Create | Villager (Male) |
| 19:33 | Create | Villager (Male) |
| 19:33 | Create | Villager (Male) |
| 19:43 | Build | Farm |
| 19:52 | Create | Villager (Male) |
| 19:53 | Create | Villager (Male) |
| 20:02 | Create | Villager (Male) |
| 20:03 | Build | Farm |
| 20:10 | Create | Villager (Male) |
| 20:11 | Create | Villager (Male) |
Build order — Fts_
First 150 of 1151 actions detected
| 0:01 | Create | Villager (Male) ×4 |
| 0:02 | Build | House |
| 0:03 | Build | House |
| 1:30 | Create | Villager (Male) |
| 1:30 | Create | Villager (Male) |
| 1:51 | Build | Lumber Camp |
| 1:52 | Create | Villager (Male) |
| 1:52 | Create | Villager (Male) |
| 2:26 | Create | Villager (Male) |
| 2:26 | Create | Villager (Male) |
| 2:53 | Create | Villager (Male) |
| 2:54 | Create | Villager (Male) |
| 2:56 | Create | Villager (Male) |
| 3:00 | Build | House |
| 3:34 | Create | Villager (Male) |
| 3:34 | Create | Villager (Male) |
| 3:54 | Create | Villager (Male) |
| 4:20 | Build | Mill |
| 4:23 | Create | Villager (Male) |
| 4:24 | Create | Villager (Male) |
| 4:43 | Create | Villager (Male) |
| 4:43 | Create | Villager (Male) |
| 4:48 | Create | Villager (Male) |
| 5:33 | Build | House |
| 5:34 | Create | Villager (Male) |
| 5:59 | Build | House |
| 6:07 | Create | Villager (Male) |
| 6:24 | Create | Villager (Male) |
| 6:52 | Create | Villager (Male) |
| 6:56 | Build | Palisade Wall |
| 7:08 | Create | Villager (Male) |
| 7:17 | Research | Loom |
| 7:37 | Build | Palisade Wall |
| 7:45 | Research | Feudal Age |
| 7:45 | Research | Feudal Age |
| 7:49 | Build | Barracks |
| 7:57 | Build | Palisade Wall |
| 8:14 | Build | Palisade Wall |
| 9:35 | Create | Villager (Male) |
| 9:36 | Create | Villager (Male) |
| 10:06 | Age | Feudal Age |
| 10:07 | Build | Stable |
| 10:18 | Research | Double-Bit Axe |
| 10:18 | Research | Double-Bit Axe |
| 10:29 | Build | House |
| 10:37 | Create | Villager (Male) |
| 10:53 | Create | Scout Cavalry |
| 10:53 | Create | Scout Cavalry |
| 10:53 | Create | Scout Cavalry |
| 11:07 | Create | Villager (Male) |
| 11:11 | Build | Lumber Camp |
| 11:13 | Build | Farm |
| 11:25 | Build | Farm |
| 11:27 | Create | Villager (Male) |
| 11:30 | Create | Scout Cavalry |
| 11:41 | Build | House |
| 11:48 | Build | Farm |
| 11:49 | Create | Villager (Male) |
| 11:59 | Create | Villager (Male) |
| 12:14 | Create | Scout Cavalry |
| 12:16 | Build | Farm |
| 12:18 | Build | Farm |
| 12:19 | Build | Farm |
| 12:20 | Build | Farm |
| 12:26 | Build | Farm |
| 12:48 | Build | Mining Camp |
| 12:49 | Create | Villager (Male) |
| 13:04 | Create | Villager (Male) |
| 13:06 | Build | Farm |
| 13:32 | Create | Scout Cavalry |
| 13:33 | Create | Villager (Male) |
| 13:35 | Build | Blacksmith |
| 13:50 | Build | Farm |
| 13:56 | Build | Farm |
| 13:57 | Create | Villager (Male) |
| 14:31 | Create | Villager (Male) |
| 14:34 | Build | Market |
| 14:43 | Create | Scout Cavalry |
| 14:44 | Create | Scout Cavalry |
| 14:44 | Create | Scout Cavalry |
| 14:51 | Create | Villager (Male) |
| 14:54 | Build | Lumber Camp |
| 15:13 | Create | Villager (Male) |
| 15:17 | Build | House |
| 15:23 | Build | House |
| 15:36 | Research | Wheelbarrow |
| 15:36 | Research | Wheelbarrow |
| 15:53 | Build | Palisade Wall |
| 15:56 | Build | Farm |
| 15:58 | Build | Farm |
| 16:01 | Create | Villager (Male) |
| 16:01 | Create | Villager (Male) |
| 16:15 | Build | Farm |
| 16:17 | Build | Farm |
| 16:19 | Build | Farm |
| 16:29 | Build | Palisade Gate |
| 17:29 | Build | Farm |
| 17:32 | Create | Villager (Male) |
| 17:56 | Research | Castle Age |
| 17:56 | Research | Castle Age |
| 18:27 | Research | Gold Mining |
| 18:28 | Research | Gold Mining |
| 18:52 | Research | Bloodlines |
| 18:52 | Research | Bloodlines |
| 19:04 | Research | Scale Barding Armor |
| 19:04 | Research | Scale Barding Armor |
| 19:41 | Research | Forging |
| 19:56 | Build | Stable |
| 20:17 | Build | House |
| 20:18 | Build | House |
| 20:39 | Create | Villager (Male) |
| 20:39 | Create | Villager (Male) |
| 20:46 | Age | Castle Age |
| 20:57 | Build | Town Center |
| 20:59 | Build | Town Center |
| 21:30 | Create | Villager (Male) |
| 21:35 | Build | Farm |
| 21:36 | Research | Bow Saw |
| 21:36 | Research | Bow Saw |
| 21:47 | Create | Villager (Male) |
| 21:56 | Build | Town Center |
| 22:05 | Create | Villager (Male) |
| 22:05 | Create | Villager (Male) |
| 22:12 | Create | Villager (Male) |
| 22:12 | Create | Villager (Male) |
| 22:13 | Create | Villager (Male) |
| 22:16 | Create | Battle Elephant |
| 22:17 | Create | Battle Elephant |
| 22:17 | Create | Battle Elephant |
| 22:18 | Create | Battle Elephant |
| 22:25 | Create | Villager (Male) |
| 22:31 | Create | Villager (Male) |
| 22:31 | Create | Villager (Male) |
| 22:42 | Build | Farm |
| 22:53 | Create | Villager (Male) |
| 23:05 | Create | Villager (Male) |
| 23:05 | Create | Villager (Male) |
| 23:05 | Create | Villager (Male) |
| 23:06 | Create | Villager (Male) |
| 23:09 | Build | Farm |
| 23:11 | Build | Farm |
| 23:12 | Build | Farm |
| 23:21 | Create | Villager (Male) |
| 23:21 | Create | Villager (Male) |
| 23:23 | Build | House |
| 23:41 | Create | Villager (Male) |
| 23:42 | Create | Villager (Male) |
| 23:42 | Create | Villager (Male) |
| 23:42 | Create | Villager (Male) |
| 23:46 | Build | Farm |
Match timeline
| 3:23 | __35_Kingpin_Arg · wall_segment Palisade Wall x1 |
| 4:14 | __35_Kingpin_Arg · wall_segment Palisade Wall x1 |
| 4:15 | __35_Kingpin_Arg · wall_segment Palisade Wall x1 |
| 5:45 | __72_KaN_Arg · first_building Barracks |
| 6:56 | Fts_ · wall_segment Palisade Wall x4 |
| 7:36 | Nicoairlines · wall_segment Palisade Wall x3 |
| 7:37 | Fts_ · wall_segment Palisade Wall x2 |
| 7:49 | Meriart · first_building Barracks |
| 7:49 | Fts_ · first_building Barracks |
| 7:57 | Fts_ · wall_segment Palisade Wall x2 |
| 8:14 | Fts_ · wall_segment Palisade Wall x1 |
| 8:38 | __35_Kingpin_Arg · first_building Barracks |
| 8:59 | __127_Monchito008_Arg · age_up feudal |
| 8:59 | __72_KaN_Arg · age_up feudal |
| 9:04 | Nicoairlines · first_building Barracks |
| 9:12 | Meriart · wall_segment Palisade Wall x1 |
| 9:12 | Meriart · wall_segment Palisade Wall x1 |
| 9:14 | Meriart · wall_segment Palisade Wall x1 |
| 9:50 | __72_KaN_Arg · first_building Archery Range |
| 9:50 | Meriart · age_up feudal |
| 9:52 | Nicoairlines · age_up feudal |
| 9:52 | Meriart · first_building Archery Range |
| 9:57 | __35_Kingpin_Arg · age_up feudal |
| 10:00 | __35_Kingpin_Arg · first_building Stable |
| 10:06 | Fts_ · age_up feudal |
| 10:07 | Fts_ · first_building Stable |
| 10:10 | Nicoairlines · first_building Stable |
| 10:42 | Nicoairlines · wall_segment Palisade Wall x11 |
| 11:22 | Benjaiper · age_up feudal |
| 11:22 | Manuel hormigaiper · age_up feudal |
| 11:52 | Meriart · wall_segment Stone Wall x5 |
| 12:26 | Nicoairlines · wall_segment Palisade Wall x10 |
| 12:54 | Meriart · wall_segment Palisade Wall x1 |
| 13:07 | Benjaiper · wall_segment Palisade Wall x1 |
| 13:14 | Benjaiper · wall_segment Palisade Wall x1 |
| 13:24 | Benjaiper · wall_segment Palisade Wall x7 |
| 13:31 | Benjaiper · wall_segment Palisade Wall x7 |
| 14:29 | Benjaiper · first_building Barracks |
| 14:34 | __127_Monchito008_Arg · first_building Barracks |
| 14:53 | __72_KaN_Arg · wall_segment Palisade Wall x1 |
| 14:57 | Benjaiper · age_up castle |
| 14:59 | Benjaiper · wall_segment Palisade Wall x1 |
| 15:01 | Manuel hormigaiper · age_up castle |
| 15:11 | __127_Monchito008_Arg · wall_segment Palisade Wall x1 |
| 15:12 | __127_Monchito008_Arg · wall_segment Palisade Wall x1 |
| 15:13 | __127_Monchito008_Arg · wall_segment Palisade Wall x1 |
| 15:53 | Fts_ · wall_segment Palisade Wall x5 |
| 16:11 | __127_Monchito008_Arg · wall_segment Palisade Wall x1 |
| 16:13 | __127_Monchito008_Arg · wall_segment Palisade Wall x1 |
| 16:14 | __127_Monchito008_Arg · wall_segment Palisade Wall x1 |
| 16:15 | __127_Monchito008_Arg · wall_segment Palisade Wall x1 |
| 16:16 | __127_Monchito008_Arg · age_up castle |
| 16:20 | __72_KaN_Arg · wall_segment Palisade Wall x11 |
| 16:30 | __127_Monchito008_Arg · first_building Monastery |
| 16:57 | __127_Monchito008_Arg · wall_segment Palisade Wall x1 |
| 17:14 | Manuel hormigaiper · first_building Monastery |
| 17:22 | Manuel hormigaiper · wall_segment Palisade Wall x1 |
| 17:23 | Manuel hormigaiper · wall_segment Palisade Wall x1 |
| 17:24 | __127_Monchito008_Arg · wall_segment Palisade Wall x1 |
| 17:24 | Manuel hormigaiper · wall_segment Palisade Wall x1 |
| 17:25 | Manuel hormigaiper · wall_segment Palisade Wall x1 |
| 17:33 | __72_KaN_Arg · wall_segment Palisade Wall x1 |
| 17:35 | __72_KaN_Arg · wall_segment Palisade Wall x1 |
| 17:35 | Benjaiper · first_building Archery Range |
| 17:42 | Manuel hormigaiper · wall_segment Palisade Wall x1 |
| 17:44 | Manuel hormigaiper · wall_segment Palisade Wall x1 |
| 17:59 | __35_Kingpin_Arg · first_market_sell 100 wood |
| 18:10 | __127_Monchito008_Arg · first_market_buy 100 wood |
| 18:18 | Manuel hormigaiper · wall_segment Palisade Wall x1 |
| 18:18 | __127_Monchito008_Arg · first_building Siege Workshop |
| 18:19 | Manuel hormigaiper · wall_segment Palisade Wall x1 |
| 18:32 | Manuel hormigaiper · wall_segment Palisade Wall x1 |
| 18:33 | Manuel hormigaiper · wall_segment Palisade Wall x1 |
| 18:35 | Manuel hormigaiper · wall_segment Palisade Wall x1 |
| 18:38 | Manuel hormigaiper · wall_segment Palisade Wall x1 |
| 18:39 | Manuel hormigaiper · wall_segment Palisade Wall x1 |
| 18:41 | Manuel hormigaiper · wall_segment Palisade Wall x1 |
| 20:29 | Nicoairlines · first_market_sell 100 food |
| 20:30 | Nicoairlines · first_market_buy 100 wood |
| 20:46 | Fts_ · age_up castle |
| 20:53 | __35_Kingpin_Arg · age_up castle |
| 21:42 | Nicoairlines · age_up castle |
| 21:51 | Fts_ · first_market_buy 100 stone |
| 22:12 | __72_KaN_Arg · age_up castle |
| 22:21 | Nicoairlines · first_building Krepost |
| 23:56 | Manuel hormigaiper · first_building Castle |
| 24:34 | Meriart · first_market_buy 100 wood |
| 24:34 | __72_KaN_Arg · first_building Monastery |
| 24:50 | Manuel hormigaiper · tribute_sent a jugador 1 |
| 24:50 | Manuel hormigaiper · tribute_sent a jugador 2 |
| 24:50 | Manuel hormigaiper · tribute_sent a jugador 3 |
| 24:50 | Manuel hormigaiper · tribute_sent a jugador 4 |
| 24:50 | Manuel hormigaiper · tribute_sent a jugador 5 |
| 24:50 | Manuel hormigaiper · tribute_sent a jugador 6 |
| 24:50 | Manuel hormigaiper · tribute_sent a jugador 8 |
| 25:05 | Benjaiper · first_market_buy 100 food |
| 25:44 | Manuel hormigaiper · first_building Barracks |
| 26:05 | Benjaiper · first_market_sell 100 wood |
| 26:05 | Meriart · age_up castle |
| 26:46 | Meriart · first_building Siege Workshop |
| 26:47 | Manuel hormigaiper · first_market_sell 100 food |
| 26:48 | Manuel hormigaiper · first_market_buy 100 stone |
| 27:14 | Meriart · wall_segment Stone Wall x1 |
| 27:41 | Manuel hormigaiper · first_building Stable |
| 27:47 | __127_Monchito008_Arg · wall_segment Palisade Wall x1 |
| 27:48 | __127_Monchito008_Arg · wall_segment Palisade Wall x1 |
| 28:09 | Fts_ · first_building Monastery |
| 28:13 | Fts_ · first_building Siege Workshop |
| 28:22 | Manuel hormigaiper · age_up imperial |
| 28:36 | Nicoairlines · first_building Siege Workshop |
| 28:47 | __72_KaN_Arg · first_building Castle |
| 29:20 | Manuel hormigaiper · first_building Siege Workshop |
| 29:51 | Benjaiper · first_building Castle |
| 29:54 | Nicoairlines · wall_segment Palisade Wall x1 |
| 30:28 | Benjaiper · wall_segment Palisade Wall x1 |
| 31:02 | Meriart · first_building Castle |
| 31:26 | Fts_ · first_building Castle |
| 31:48 | __35_Kingpin_Arg · first_market_buy 100 wood |
| 31:57 | __35_Kingpin_Arg · first_building Monastery |
| 31:57 | Manuel hormigaiper · wall_segment Stone Wall x1 |
| 32:35 | Fts_ · age_up imperial |
| 32:43 | Fts_ · first_market_sell 100 wood |
| 32:53 | Nicoairlines · first_building Castle |
| 33:23 | __72_KaN_Arg · first_market_sell 100 wood |
| 34:24 | __72_KaN_Arg · first_building Stable |
| 34:28 | Benjaiper · age_up imperial |
| 34:59 | __127_Monchito008_Arg · first_building Castle |
| 35:09 | Meriart · wall_segment Stone Wall x8 |
| 35:13 | Meriart · wall_segment Stone Wall x9 |
| 35:46 | __127_Monchito008_Arg · age_up imperial |
| 35:48 | __35_Kingpin_Arg · age_up imperial |
| 35:56 | __72_KaN_Arg · age_up imperial |
| 36:07 | Nicoairlines · wall_segment Palisade Wall x1 |
| 36:20 | __35_Kingpin_Arg · first_building Castle |
| 36:43 | Meriart · first_market_sell 100 wood |
| 37:21 | __35_Kingpin_Arg · first_building Siege Workshop |
| 38:40 | __35_Kingpin_Arg · first_building Donjon |
| 38:47 | Manuel hormigaiper · tribute_sent a jugador 1 |
| 38:47 | Manuel hormigaiper · tribute_sent a jugador 2 |
| 38:47 | Manuel hormigaiper · tribute_sent a jugador 3 |
| 38:47 | Manuel hormigaiper · tribute_sent a jugador 4 |
| 38:47 | Manuel hormigaiper · tribute_sent a jugador 5 |
| 38:47 | Manuel hormigaiper · tribute_sent a jugador 6 |
| 38:47 | Manuel hormigaiper · tribute_sent a jugador 8 |
| 39:16 | Nicoairlines · first_building Archery Range |
| 39:57 | Meriart · age_up imperial |
| 40:41 | Fts_ · first_building Archery Range |
| 42:49 | Benjaiper · first_building Stable |
| 44:37 | Manuel hormigaiper · tribute_sent a jugador 1 |
| 44:37 | Manuel hormigaiper · tribute_sent a jugador 2 |
| 44:37 | Manuel hormigaiper · tribute_sent a jugador 3 |
| 44:37 | Manuel hormigaiper · tribute_sent a jugador 4 |
| 44:37 | Manuel hormigaiper · tribute_sent a jugador 5 |
| 44:38 | Manuel hormigaiper · tribute_sent a jugador 6 |
| 44:38 | Manuel hormigaiper · tribute_sent a jugador 8 |
| 44:42 | Nicoairlines · age_up imperial |
| 48:11 | __72_KaN_Arg · wall_segment Stone Wall x21 |
| 48:58 | Fts_ · wall_segment Stone Wall x5 |
| 49:00 | Fts_ · wall_segment Stone Wall x1 |
| 57:58 | Fts_ · wall_segment Stone Wall x18 |
| 58:15 | Manuel hormigaiper · tribute_sent a jugador 1 |
| 58:15 | Manuel hormigaiper · tribute_sent a jugador 2 |
| 58:15 | Manuel hormigaiper · tribute_sent a jugador 3 |
| 58:15 | Manuel hormigaiper · tribute_sent a jugador 4 |
| 58:15 | Manuel hormigaiper · tribute_sent a jugador 5 |
| 58:15 | Manuel hormigaiper · tribute_sent a jugador 6 |
| 58:15 | Manuel hormigaiper · tribute_sent a jugador 8 |
| 59:27 | Fts_ · wall_segment Stone Wall x14 |
| 59:29 | Fts_ · wall_segment Stone Wall x9 |
| 59:52 | Manuel hormigaiper · tribute_sent a jugador 1 |
| 59:52 | Manuel hormigaiper · tribute_sent a jugador 2 |
| 59:52 | Manuel hormigaiper · tribute_sent a jugador 3 |
| 59:52 | Manuel hormigaiper · tribute_sent a jugador 4 |
| 59:52 | Manuel hormigaiper · tribute_sent a jugador 5 |
| 59:52 | Manuel hormigaiper · tribute_sent a jugador 6 |
| 59:52 | Manuel hormigaiper · tribute_sent a jugador 8 |
| 60:20 | Manuel hormigaiper · tribute_sent a jugador 1 |
| 60:20 | Manuel hormigaiper · tribute_sent a jugador 2 |
| 60:20 | Manuel hormigaiper · tribute_sent a jugador 3 |
| 60:20 | Manuel hormigaiper · tribute_sent a jugador 4 |
| 60:20 | Manuel hormigaiper · tribute_sent a jugador 5 |
| 60:20 | Manuel hormigaiper · tribute_sent a jugador 6 |
| 60:20 | Manuel hormigaiper · tribute_sent a jugador 8 |
| 60:48 | __72_KaN_Arg · first_building Siege Workshop |
| 62:43 | __72_KaN_Arg · tribute_sent a jugador 1 |
| 62:43 | __72_KaN_Arg · tribute_sent a jugador 2 |
| 62:43 | __72_KaN_Arg · tribute_sent a jugador 3 |
| 62:43 | __72_KaN_Arg · tribute_sent a jugador 4 |
| 62:43 | __72_KaN_Arg · tribute_sent a jugador 5 |
| 62:43 | __72_KaN_Arg · tribute_sent a jugador 7 |
| 62:43 | __72_KaN_Arg · tribute_sent a jugador 8 |
| 63:38 | Nicoairlines · tribute_sent a jugador 1 |
| 63:38 | Nicoairlines · tribute_sent a jugador 2 |
| 63:38 | Nicoairlines · tribute_sent a jugador 4 |
| 63:38 | Nicoairlines · tribute_sent a jugador 5 |
| 63:38 | Nicoairlines · tribute_sent a jugador 6 |
| 63:38 | Nicoairlines · tribute_sent a jugador 7 |
| 63:38 | Nicoairlines · tribute_sent a jugador 8 |
| 64:57 | __72_KaN_Arg · first_market_buy 100 stone |
| 66:02 | Fts_ · wall_segment Stone Wall x1 |
| 68:35 | Fts_ · wall_segment Stone Wall x1 |
| 68:37 | Fts_ · wall_segment Stone Wall x2 |
| 69:25 | __127_Monchito008_Arg · resign |
| 71:20 | Fts_ · tribute_sent a jugador 1 |
| 71:20 | Fts_ · tribute_sent a jugador 2 |
| 71:20 | Fts_ · tribute_sent a jugador 3 |
| 71:20 | Fts_ · tribute_sent a jugador 4 |
| 71:20 | Fts_ · tribute_sent a jugador 5 |
| 71:20 | Fts_ · tribute_sent a jugador 6 |
| 71:20 | Fts_ · tribute_sent a jugador 7 |
| 71:36 | Fts_ · wall_segment Stone Wall x1 |
| 72:24 | __35_Kingpin_Arg · tribute_sent a jugador 1 |
| 72:24 | __35_Kingpin_Arg · tribute_sent a jugador 3 |
| 72:24 | __35_Kingpin_Arg · tribute_sent a jugador 4 |
| 72:24 | __35_Kingpin_Arg · tribute_sent a jugador 5 |
| 72:24 | __35_Kingpin_Arg · tribute_sent a jugador 6 |
| 72:24 | __35_Kingpin_Arg · tribute_sent a jugador 7 |
| 72:24 | __35_Kingpin_Arg · tribute_sent a jugador 8 |
| 73:42 | Manuel hormigaiper · wall_segment Stone Wall x1 |
| 75:48 | __35_Kingpin_Arg · tribute_sent a jugador 1 |
| 75:48 | __35_Kingpin_Arg · tribute_sent a jugador 3 |
| 75:48 | __35_Kingpin_Arg · tribute_sent a jugador 4 |
| 75:48 | __35_Kingpin_Arg · tribute_sent a jugador 5 |
| 75:48 | __35_Kingpin_Arg · tribute_sent a jugador 6 |
| 75:48 | __35_Kingpin_Arg · tribute_sent a jugador 7 |
| 75:48 | __35_Kingpin_Arg · tribute_sent a jugador 8 |
| 77:08 | __72_KaN_Arg · wall_segment Stone Wall x4 |
| 80:25 | Manuel hormigaiper · tribute_sent a jugador 1 |
| 80:25 | Manuel hormigaiper · tribute_sent a jugador 2 |
| 80:25 | Manuel hormigaiper · tribute_sent a jugador 3 |
| 80:25 | Manuel hormigaiper · tribute_sent a jugador 4 |
| 80:25 | Manuel hormigaiper · tribute_sent a jugador 5 |
| 80:25 | Manuel hormigaiper · tribute_sent a jugador 6 |
| 80:25 | Manuel hormigaiper · tribute_sent a jugador 8 |
| 84:11 | Benjaiper · wall_segment Stone Wall x5 |
| 84:31 | Manuel hormigaiper · tribute_sent a jugador 1 |
| 84:31 | Manuel hormigaiper · tribute_sent a jugador 2 |
| 84:31 | Manuel hormigaiper · tribute_sent a jugador 3 |
| 84:31 | Manuel hormigaiper · tribute_sent a jugador 4 |
| 84:31 | Manuel hormigaiper · tribute_sent a jugador 5 |
| 84:31 | Manuel hormigaiper · tribute_sent a jugador 6 |
| 84:31 | Manuel hormigaiper · tribute_sent a jugador 8 |
| 85:50 | Manuel hormigaiper · wall_segment Stone Wall x1 |
| 85:51 | Manuel hormigaiper · wall_segment Stone Wall x1 |
| 85:52 | Manuel hormigaiper · wall_segment Stone Wall x1 |
| 85:54 | Manuel hormigaiper · wall_segment Stone Wall x1 |
| 85:59 | Manuel hormigaiper · wall_segment Stone Wall x2 |
| 86:01 | Manuel hormigaiper · wall_segment Stone Wall x1 |
| 86:02 | Manuel hormigaiper · wall_segment Stone Wall x1 |
| 86:05 | Manuel hormigaiper · wall_segment Stone Wall x1 |
| 86:05 | Nicoairlines · wall_segment Palisade Wall x1 |
| 90:19 | __72_KaN_Arg · wall_segment Stone Wall x10 |
| 90:23 | __72_KaN_Arg · wall_segment Stone Wall x31 |
| 91:18 | Benjaiper · wall_segment Palisade Wall x1 |
| 91:19 | Nicoairlines · wall_segment Palisade Wall x1 |
| 91:31 | Benjaiper · wall_segment Stone Wall x2 |
| 91:55 | Meriart · tribute_sent a jugador 1 |
| 91:55 | Meriart · tribute_sent a jugador 2 |
| 91:55 | Meriart · tribute_sent a jugador 3 |
| 91:55 | Meriart · tribute_sent a jugador 4 |
| 91:55 | Meriart · tribute_sent a jugador 6 |
| 91:55 | Meriart · tribute_sent a jugador 7 |
| 91:55 | Meriart · tribute_sent a jugador 8 |
| 96:40 | Manuel hormigaiper · tribute_sent a jugador 1 |
| 96:40 | Manuel hormigaiper · tribute_sent a jugador 2 |
| 96:40 | Manuel hormigaiper · tribute_sent a jugador 3 |
| 96:40 | Manuel hormigaiper · tribute_sent a jugador 4 |
| 96:40 | Manuel hormigaiper · tribute_sent a jugador 5 |
| 96:40 | Manuel hormigaiper · tribute_sent a jugador 6 |
| 96:40 | Manuel hormigaiper · tribute_sent a jugador 8 |
| 96:57 | Fts_ · tribute_sent a jugador 1 |
| 96:57 | Fts_ · tribute_sent a jugador 2 |
| 96:57 | Fts_ · tribute_sent a jugador 3 |
| 96:57 | Fts_ · tribute_sent a jugador 4 |
| 96:57 | Fts_ · tribute_sent a jugador 5 |
| 96:57 | Fts_ · tribute_sent a jugador 6 |
| 96:57 | Fts_ · tribute_sent a jugador 7 |
| 99:06 | Manuel hormigaiper · tribute_sent a jugador 1 |
| 99:06 | Manuel hormigaiper · tribute_sent a jugador 2 |
| 99:06 | Manuel hormigaiper · tribute_sent a jugador 3 |
| 99:06 | Manuel hormigaiper · tribute_sent a jugador 4 |
| 99:06 | Manuel hormigaiper · tribute_sent a jugador 5 |
| 99:06 | Manuel hormigaiper · tribute_sent a jugador 6 |
| 99:06 | Manuel hormigaiper · tribute_sent a jugador 8 |
| 99:14 | Fts_ · wall_segment Stone Wall x16 |
| 99:29 | Manuel hormigaiper · tribute_sent a jugador 1 |
| 99:29 | Manuel hormigaiper · tribute_sent a jugador 2 |
| 99:29 | Manuel hormigaiper · tribute_sent a jugador 3 |
| 99:29 | Manuel hormigaiper · tribute_sent a jugador 4 |
| 99:30 | Manuel hormigaiper · tribute_sent a jugador 5 |
| 99:30 | Manuel hormigaiper · tribute_sent a jugador 6 |
| 99:30 | Manuel hormigaiper · tribute_sent a jugador 8 |
| 100:15 | __35_Kingpin_Arg · tribute_sent a jugador 1 |
| 100:15 | __35_Kingpin_Arg · tribute_sent a jugador 3 |
| 100:15 | __35_Kingpin_Arg · tribute_sent a jugador 4 |
| 100:15 | __35_Kingpin_Arg · tribute_sent a jugador 5 |
| 100:15 | __35_Kingpin_Arg · tribute_sent a jugador 6 |
| 100:15 | __35_Kingpin_Arg · tribute_sent a jugador 7 |
| 100:15 | __35_Kingpin_Arg · tribute_sent a jugador 8 |
| 100:16 | Fts_ · wall_segment Stone Wall x9 |
| 100:17 | Fts_ · wall_segment Stone Wall x1 |
| 100:18 | Fts_ · wall_segment Stone Wall x2 |
| 101:42 | Meriart · tribute_sent a jugador 1 |
| 101:42 | Meriart · tribute_sent a jugador 2 |
| 101:42 | Meriart · tribute_sent a jugador 3 |
| 101:42 | Meriart · tribute_sent a jugador 4 |
| 101:42 | Meriart · tribute_sent a jugador 6 |
| 101:42 | Meriart · tribute_sent a jugador 7 |
| 101:42 | Meriart · tribute_sent a jugador 8 |
| 102:03 | __35_Kingpin_Arg · tribute_sent a jugador 1 |
| 102:03 | __35_Kingpin_Arg · tribute_sent a jugador 3 |
| 102:03 | __35_Kingpin_Arg · tribute_sent a jugador 4 |
| 102:03 | __35_Kingpin_Arg · tribute_sent a jugador 5 |
| 102:03 | __35_Kingpin_Arg · tribute_sent a jugador 6 |
| 102:03 | __35_Kingpin_Arg · tribute_sent a jugador 7 |
| 102:03 | __35_Kingpin_Arg · tribute_sent a jugador 8 |
| 102:43 | Fts_ · tribute_sent a jugador 1 |
| 102:43 | Fts_ · tribute_sent a jugador 2 |
| 102:43 | Fts_ · tribute_sent a jugador 3 |
| 102:43 | Fts_ · tribute_sent a jugador 4 |
| 102:43 | Fts_ · tribute_sent a jugador 5 |
| 102:43 | Fts_ · tribute_sent a jugador 6 |
| 102:43 | Fts_ · tribute_sent a jugador 7 |
| 102:47 | __35_Kingpin_Arg · tribute_sent a jugador 1 |
| 102:47 | __35_Kingpin_Arg · tribute_sent a jugador 3 |
| 102:47 | __35_Kingpin_Arg · tribute_sent a jugador 4 |
| 102:47 | __35_Kingpin_Arg · tribute_sent a jugador 5 |
| 102:47 | __35_Kingpin_Arg · tribute_sent a jugador 6 |
| 102:47 | __35_Kingpin_Arg · tribute_sent a jugador 7 |
| 102:47 | __35_Kingpin_Arg · tribute_sent a jugador 8 |
| 103:16 | Fts_ · tribute_sent a jugador 1 |
| 103:16 | Fts_ · tribute_sent a jugador 2 |
| 103:16 | Fts_ · tribute_sent a jugador 3 |
| 103:16 | Fts_ · tribute_sent a jugador 4 |
| 103:16 | Fts_ · tribute_sent a jugador 5 |
| 103:16 | Fts_ · tribute_sent a jugador 6 |
| 103:16 | Fts_ · tribute_sent a jugador 7 |
| 104:18 | Meriart · tribute_sent a jugador 1 |
| 104:18 | Meriart · tribute_sent a jugador 2 |
| 104:18 | Meriart · tribute_sent a jugador 3 |
| 104:18 | Meriart · tribute_sent a jugador 4 |
| 104:18 | Meriart · tribute_sent a jugador 6 |
| 104:18 | Meriart · tribute_sent a jugador 7 |
| 104:18 | Meriart · tribute_sent a jugador 8 |
| 105:05 | Fts_ · tribute_sent a jugador 1 |
| 105:05 | Fts_ · tribute_sent a jugador 2 |
| 105:05 | Fts_ · tribute_sent a jugador 3 |
| 105:05 | Fts_ · tribute_sent a jugador 4 |
| 105:05 | Fts_ · tribute_sent a jugador 5 |
| 105:05 | Fts_ · tribute_sent a jugador 6 |
| 105:05 | Fts_ · tribute_sent a jugador 7 |
| 105:29 | Meriart · wall_segment Stone Wall x2 |
| 107:15 | Fts_ · wall_segment Stone Wall x11 |
| 108:48 | Meriart · tribute_sent a jugador 1 |
| 108:48 | Meriart · tribute_sent a jugador 2 |
| 108:48 | Meriart · tribute_sent a jugador 3 |
| 108:48 | Meriart · tribute_sent a jugador 4 |
| 108:48 | Meriart · tribute_sent a jugador 6 |
| 108:48 | Meriart · tribute_sent a jugador 7 |
| 108:48 | Meriart · tribute_sent a jugador 8 |
| 108:58 | __35_Kingpin_Arg · tribute_sent a jugador 1 |
| 108:58 | __35_Kingpin_Arg · tribute_sent a jugador 3 |
| 108:58 | __35_Kingpin_Arg · tribute_sent a jugador 4 |
| 108:58 | __35_Kingpin_Arg · tribute_sent a jugador 5 |
| 108:58 | __35_Kingpin_Arg · tribute_sent a jugador 6 |
| 108:58 | __35_Kingpin_Arg · tribute_sent a jugador 7 |
| 108:58 | __35_Kingpin_Arg · tribute_sent a jugador 8 |
| 110:58 | Meriart · tribute_sent a jugador 1 |
| 110:58 | Meriart · tribute_sent a jugador 2 |
| 110:58 | Meriart · tribute_sent a jugador 3 |
| 110:58 | Meriart · tribute_sent a jugador 4 |
| 110:58 | Meriart · tribute_sent a jugador 6 |
| 110:58 | Meriart · tribute_sent a jugador 7 |
| 110:58 | Meriart · tribute_sent a jugador 8 |
[ AI ANALYSIS · 1 CREDIT ]
What really happened in this match?
Wolo.gg analyzes every decision: build order, eco, micro, common mistakes by bracket. Personalized analysis on WhatsApp or Discord in 30 seconds.
Civ guide
Bulgarians
Perfil
Jugador #1008346